 Dungeon Crawl Stone Soup version 0.20.0-15-g7f486f2 (webtiles) character file.

4592 anfisbena the Carver (level 10, -4/47 HPs)
             Began as a Vine Stalker Fighter on June 15, 2017.
             Was a Follower of Uskayaw.
             Killed from afar by an electric eel (10 damage)
             ... with a bolt of electricity
             ... on level 8 of the Dungeon.
             The game lasted 00:07:37 (5939 turns).

anfisbena the Carver (Vine Stalker Fighter)         Turns: 5939, Time: 00:07:38

Health: -4/47      AC: 14    Str: 19    XL:     10   Next: 41%
Magic:  0/11       EV:  4    Int:  8    God:    Uskayaw [*.....]
Gold:   377        SH:  9    Dex: 17    Spells: 9/9 levels left

rFire    . . .     SeeInvis .   a - +0 long sword
rCold    . . .     Gourm    .   c - +0 shield
rNeg     + . .     Faith    .   J - +0 chain mail
rPois    .         Spirit   +   w - +0 helmet
rElec    .         Reflect  .   (no cloak)
rCorr    .         Harm     .   H - +0 pair of gloves
MR       +....                  (no boots)
Stlth    ..........             e - amulet of regeneration
Regen    1.0/turn               u - ring of positive energy
MPRegen  0.2/turn               m - +3 ring of protection

@: very slow
A: fangs 3, mutation resistance 1, regeneration 1, magic shield, antimagic bite,
no potion heal 3, rot immunity
a: Stomp, Renounce Religion


You were on level 8 of the Dungeon.
You worshipped Uskayaw.
Uskayaw was noncommittal.
You were not hungry.

You visited 2 branches of the dungeon, and saw 9 of its levels.
You also visited: Sewer.

You collected 377 gold pieces.

Inventory:

Hand Weapons
 a - a +0 long sword (weapon)
Armour
 c - a +0 shield (worn)
 w - a +0 helmet (worn)
 H - a +0 pair of gloves (worn)
 J - a +0 chain mail (worn)
Jewellery
 e - an amulet of regeneration (around neck)
 m - a +3 ring of protection (right hand)
 u - a ring of positive energy (left hand)
Wands
 D - a wand of lightning (3/15)
 I - a wand of acid (7/15)
Scrolls
 g - 2 scrolls of enchant weapon {unknown}
 h - 4 scrolls of remove curse {unknown}
 i - 5 scrolls of amnesia {unknown}
 n - 4 scrolls of magic mapping {unknown}
 o - 4 scrolls of identify {unknown}
 p - 4 scrolls of blinking {unknown}
 q - 4 scrolls of recharging {unknown}
 r - 7 scrolls of teleportation {unknown}
 x - a scroll of fear {unknown}
 y - a scroll of enchant armour {unknown}
 A - a scroll of fog {unknown}
 B - a scroll of immolation {unknown}
Potions
 d - 4 potions of might
 k - a potion of cancellation {unknown}
 l - 6 potions of brilliance {unknown}
 t - 5 potions of heal wounds {unknown}
 v - 3 potions of lignification {unknown}
 z - 4 potions of flight {unknown}
 C - a potion of berserk rage {unknown}
 E - a potion of ambrosia {unknown}
 F - 3 potions of agility {unknown}
 G - 4 potions of curing
 L - a potion of haste {unknown}
Books
 b - a book of Misfortune

   Spells                             Type                      Level
   a - Confusing Touch                Hexes                        1
   b - Confuse                        Hexes                        3
   c - Gell's Gravitas                Translocation                3
   d - Petrify                        Transmutation/Earth          4
   e - Metabolic Englaciation         Hexes/Ice                    5
   f - Yara's Violent Unravelling     Hexes/Transmutation          5
 K - a book of Minor Magic

   Spells                             Type                      Level
   a - Magic Dart                     Conjuration                  1
   b - Blink                          Translocation                2
   c - Call Imp                       Summoning                    2
   d - Slow                           Hexes                        2
   e - Conjure Flame                  Conjuration/Fire             3
   f - Mephitic Cloud                 Conjuration/Poison/Air       3
Comestibles
 f - 7 bread rations
 j - 3 fruits
 s - 2 meat rations
 M - 4 royal jellies
 N - 6 chunks of flesh


   Skills:
 - Level 2.6 Fighting
 + Level 13.3 Long Blades
 - Level 2.4 Armour
 - Level 2.6 Shields


You had 9 spell levels left.
You didn't know any spells.

Dungeon Overview and Level Annotations

Branches:
Dungeon (8/15)             Temple (1/1) D:6
   Lair: D:8-11

Altars:
Ashenzari
Cheibriados
Dithmenos
Elyvilon
Fedhas
Gozag
Hepliaklqana
Kikubaaqudgha
Makhleb
Nemelex Xobeh
Okawaru
Qazlal
Sif Muna
Trog
Uskayaw
Vehumet
Xom
Yredelemnul
Zin
The Shining One

Shops:
D:7 %


Innate Abilities, Weirdness & Mutations

You have razor-sharp teeth.
Your natural rate of healing is unusually fast.
When hurt, damage is shared between your health and your magic reserves.
Your bite disrupts and absorbs the magic of your enemies.
Potions cannot restore your health.
You are immune to rotting.
You are somewhat resistant to further mutation.


Message History

The electric eel shoots out a bolt of lightning at you!
The bolt of electricity hits you!
* * * LOW HITPOINT WARNING * * *
The bolt of electricity hits the plant. x3
You hit the electric eel but do no damage.
You bite the electric eel! You drain its power.
You feel invigorated.
The electric eel is heavily wounded.
The electric eel shoots out a bolt of lightning at you!
The bolt of electricity hits you!
* * * LOW HITPOINT WARNING * * *
The bolt of electricity hits the plant. x3
Your unstable footing causes you to fumble your attack.
You closely miss the electric eel. Your bite misses the electric eel.
The electric eel is heavily wounded.
You miss the electric eel. You bite the electric eel. You drain its power.
You feel invigorated.
The electric eel is severely wounded.
The electric eel shoots out a bolt of lightning at you!
The bolt of electricity hits you!
You die...

#..#
♣♣≈.###.# ♣
≈≈P. #.## ♣≈
≈≈P##..#
≈♣P♣♣≈≈≈##.##
≈PPPP♣P≈##..#
PPPPP≈♣P.##.#
≈≈≈..≈;P≈##.#
....PP≈@≈≈#.#
....#.≈♣P≈#.#
. #.P≈PP≈.#
#P≈≈PP..#
##PP≈≈P##
##≈P≈.#
######


You could see an electric eel.

Vanquished Creatures
  Pikel (D:5)
  The ghost of Ferkelamun the Cleaver, a novice FoFi (D:6)
  The ghost of Patate the Slicer, a novice SpEn of Okawaru (D:7)
  The ghost of Lidrolic the Covered, an amateur HuFi (D:5)
  The ghost of Ashar the Tormented, an amateur DsNe of Kikubaaqudgha (D:4)
  A human (D:7)
  4 hogs (D:7)
  Eustachio (D:6)
  Edmund (D:5)
  A water moccasin (D:6)
  A black bear (D:6)
  2 ice beasts
  A sky beast (D:7)
  4 ogres
  A necrophage (D:8)
  A phantom (D:4)
  3 bullfrogs
  4 big kobolds
  4 scorpions
  3 crimson imps
  2 hounds
  2 orc priests
  A bullfrog skeleton (D:7)
  2 orc wizards (D:6)
  2 worker ants
  A hound zombie (D:6)
  11 gnolls
  5 adders
  A shadow imp (D:7)
  3 oozes
  2 adder skeletons
  An adder zombie (D:5)
  A worm (D:4)
  3 dart slugs
  4 leopard geckos
  12 orcs
  5 ball pythons
  7 bats
  6 giant cockroaches
  5 goblins
  5 hobgoblins
  23 kobolds
  2 quokkas
  6 frilled lizards
  2 leopard gecko skeletons
  16 rats
167 creatures vanquished.

Notes
Turn   | Place    | Note
-------+----------+-------------------------------------------
     0 | D:1      | anfisbena the Vine Stalker Fighter began the quest for the Orb.
     0 | D:1      | Reached XP level 1. HP: 11/11 MP: 2/2
   115 | D:1      | Reached skill level 2 in Long Blades
   359 | D:1      | Reached XP level 2. HP: 16/16 MP: 3/3
   741 | D:2      | Reached skill level 3 in Long Blades
   741 | D:2      | Reached XP level 3. HP: 19/19 MP: 4/4
   848 | D:2      | Found an iron altar of Okawaru.
   848 | D:2      | Found a bloodstained altar of Trog.
  1053 | D:2      | Gained mutation: Your natural rate of healing is unusually fast. [Vine Stalker growth]
  1053 | D:2      | Reached XP level 4. HP: 22/23 MP: 5/5
  1225 | D:2      | Found a faded altar of an unknown god.
  1460 | D:3      | Reached skill level 4 in Long Blades
  2074 | D:4      | Reached XP level 5. HP: 26/27 MP: 4/6
  2100 | D:4      | Found a sparkling altar of Nemelex Xobeh.
  2107 | D:4      | Noticed an ogre
  2114 | D:4      | Killed an ogre
  2114 | D:4      | Reached skill level 5 in Long Blades
  2140 | D:4      | Reached XP level 6. HP: 32/32 MP: 7/7
  2166 | D:4      | Noticed Ashar's ghost (amateur DsNe)
  2198 | D:4      | Killed Ashar's ghost
  2198 | D:4      | Reached skill level 6 in Long Blades
  2206 | D:4      | Reached XP level 7. HP: 32/35 MP: 8/8
  2632 | D:4      | Reached skill level 7 in Long Blades
  2765 | D:5      | Entered Level 5 of the Dungeon
  2911 | D:5      | Noticed Edmund
  2912 | D:5      | Noticed Lidrolic's ghost (amateur HuFi)
  2952 | D:5      | Killed Lidrolic's ghost
  3001 | D:5      | Reached skill level 8 in Long Blades
  3029 | D:5      | Killed Edmund
  3029 | D:5      | Gained mutation: You have razor-sharp teeth. [Vine Stalker growth]
  3029 | D:5      | Reached XP level 8. HP: 12/39 MP: 3/9
  3077 | D:5      | Noticed Pikel
  3101 | D:5      | Killed Pikel
  3101 | D:5      | Reached skill level 9 in Long Blades
  3234 | D:5      | Found an opulent altar of Gozag.
  3237 | D:5      | Found a white marble altar of Elyvilon.
  3307 | D:5      | Reached skill level 10 in Long Blades
  3467 | D:6      | Noticed Eustachio
  3488 | D:6      | Killed Eustachio
  3488 | D:6      | Reached XP level 9. HP: 8/43 MP: 2/10
  3497 | D:6      | Noticed Ferkelamun's ghost (novice FoFi)
  3564 | D:6      | Killed Ferkelamun's ghost
  3652 | D:6      | Found a staircase to the Ecumenical Temple.
  3668 | Temple   | Entered the Ecumenical Temple
  3808 | Temple   | Became a worshipper of Uskayaw the Reveler
  3869 | D:6      | Reached * piety under Uskayaw
  3894 | D:6      | Found a glowing drain.
  3907 | Sewer    | Entered a sewer
  4095 | Sewer    | Reached ** piety under Uskayaw
  4100 | Sewer    | Reached skill level 11 in Long Blades
  4104 | Sewer    | Reached *** piety under Uskayaw
  4109 | Sewer    | Reached **** piety under Uskayaw
  4364 | D:6      | Found a shattered altar of Ashenzari.
  4583 | D:6      | Reached skill level 12 in Long Blades
  4583 | D:6      | Reached ***** piety under Uskayaw
  4660 | D:6      | Found a glowing silver altar of Zin.
  4821 | D:7      | Noticed Patate's ghost (novice SpEn)
  4851 | D:7      | Killed Patate's ghost
  4851 | D:7      | Reached XP level 10. HP: 47/47 MP: 11/11
  5164 | D:7      | Reached skill level 13 in Long Blades
  5558 | D:7      | Gained mutation: You are somewhat resistant to further mutation. [mutagenic meat]
  5566 | D:7      | Found Nuotuthe's Food Shop.
  5939 | D:8      | Killed from afar by an electric eel

Skill      XL: |  1  2  3  4  5  6  7  8  9 10 |
---------------+-------------------------------+-----
Long Blades    | 2 3 4 5 6 8 10 12 13 | 13.3
Fighting       | |  2.6
Armour         | |  2.4
Shields        | |  2.6

Action                   |  1- 3 |  4- 6 |  7- 9 | 10-12 || total
-------------------------+-------+-------+-------+-------++-------
Melee: Long sword        |    66 |   135 |   365 |   120 ||   686
       Bite              |    13 |    44 |   135 |    43 ||   235
 Stab: Paralysed         |       |       |     9 |     5 ||    14
  Eat: Chunk             |       |     4 |    10 |     5 ||    19
Armor: Scale mail        |    40 |    48 |   169 |    15 ||   272
       Chain mail        |       |       |       |    13 ||    13
Dodge: Dodged            |    10 |    39 |    88 |     7 ||   144
Block: Shield            |    36 |    74 |   156 |    49 ||   315
       Rpst.: Long sword |     3 |     8 |    26 |     4 ||    41
